 Dungeon Crawl Stone Soup version 0.23.2 (webtiles) character file.

Game seed: 6977868305726547001

1588 dvd the Cleaver (level 8, 0/68 HPs)
             Began as a Minotaur Hunter on Apr 2, 2019.
             Was a Believer of Okawaru.
             Slain by Harold
             ... wielding a +0 mace of protection
              (15 damage)
             ... on level 7 of the Dungeon.
             The game lasted 00:11:47 (5535 turns).

dvd the Cleaver (Minotaur Hunter)                   Turns: 5535, Time: 00:11:48

Health: 0/68       AC:  9    Str: 18    XL:     8   Next: 61%
Magic:  5/7        EV: 18    Int:  8    God:    Okawaru [**....]
Gold:   395        SH:  0    Dex: 17    Spells: 7/7 levels left

rFire    . . .     SeeInvis +   a - +0 war axe
rCold    . . .     Gourm    .   (no shield)
rNeg     . . .     Faith    .   t - +3 ring mail
rPois    .         Spirit   .   (helmet restricted)
rElec    .         Reflect  .   (no cloak)
rCorr    .         Harm     .   (no gloves)
MR       .....                  (no boots)
Stlth    +++.......             (no amulet)
HPRegen  0.21/turn              E - ring of see invisible
MPRegen  0.10/turn              (no ring)

@: agile
A: retaliatory headbutt, horns 2
a: Heroism, Renounce Religion


You were on level 7 of the Dungeon.
You worshipped Okawaru.
Okawaru was pleased with you.
You were not hungry.

You visited 1 branch of the dungeon, and saw 7 of its levels.

You collected 395 gold pieces.

Inventory:

Hand Weapons
 a - a +0 war axe (weapon)
 q - a +0 mace
 r - a +1 whip of venom
 A - a +0 hand axe
 C - a +0 morningstar
 H - a +0 hand crossbow
Armour
 b - a +0 leather armour
 s - a +0 scale mail
 t - a +3 ring mail (worn)
 F - a +1 leather armour of positive energy
Jewellery
 E - a ring of see invisible (left hand)
Wands
 n - a wand of acid (4)
 y - a wand of scattershot (1)
 D - a wand of enslavement (8)
 L - a wand of random effects (18)
Scrolls
 e - 5 scrolls of identify
 g - 2 scrolls of blinking {unknown}
 h - 6 scrolls of remove curse
 i - a scroll of immolation {unknown}
 j - 3 scrolls of enchant armour {unknown}
 m - 2 scrolls of random uselessness {unknown}
 v - a scroll of amnesia {unknown}
 w - 2 scrolls of fog {unknown}
 x - 5 scrolls of teleportation {unknown}
 I - 2 scrolls of magic mapping {unknown}
 K - a scroll of enchant weapon {unknown}
Potions
 c - a potion of agility
 d - a potion of flight
 k - a potion of invisibility {unknown}
 l - 2 potions of curing
 o - a potion of haste
 p - a potion of brilliance {unknown}
 z - a potion of heal wounds {unknown}
 B - a potion of cancellation
 G - a potion of resistance {unknown}
Comestibles
 f - 11 rations
 J - 9 chunks of flesh


   Skills:
 + Level 5.0 Fighting
 + Level 8.3 Axes
 + Level 6.0 Throwing
 + Level 4.9 Armour
 + Level 3.4 Dodging
 + Level 2.6 Stealth
 + Level 0.4 Invocations


You had 7 spell levels left.
You didn't know any spells.
Your spell library contained the following spells:

 Spells                   Type           Power        Failure   Level  Hunger
 Confusing Touch          Hex            #.....       58%         1    ##.....
 Confuse                  Hex            #.......     91%         3    ####...
 Gell's Gravitas          Tloc           #.........   91%         3    ####...
 Petrify                  Tmut/Erth      #.......     100%        4    #####..
 Metabolic Englaciation   Hex/Ice        #.........   100%        5    ######.
 Yara's Violent Unravell  Hex/Tmut       #.........   100%        5    ######.


Dungeon Overview and Level Annotations

Branches:
Dungeon (7/15)             Temple (0/1) D:4

Altars:
Kikubaaqudgha
Okawaru
Trog
Zin

Shops:
D:6 }

Annotations:
D:4 1 runed translucent door, bgiannan's ghost, amateur DEFE
D:7 1 runed translucent door, Harold


Innate Abilities, Weirdness & Mutations

You reflexively headbutt those who attack you in melee.
You have a pair of horns on your head.


Message History

You closely miss the big kobold.
You headbutt the big kobold, but do no damage.
The big kobold is almost dead.
The big kobold hits you but does no damage.
You slash the big kobold!
You kill the big kobold!
Okawaru accepts your kill.
Your Fighting skill increases to level 5!
You hit Harold but do no damage. You headbutt Harold, but do no damage.
Harold is heavily wounded.
Harold thinks, and says "Perhaps I'll take up painting after I'm done here..."
Harold misses you.
You hit Harold but do no damage.
Harold is heavily wounded.
Harold completely misses you. You furiously retaliate!
You headbutt Harold, but do no damage. You slash Harold!
Harold is severely wounded.
Harold hits you with a +0 mace of protection!
You die...

#......# #......#.# #......#.#
#......#.##### #......#......
. .#..........(#
#....?.........#
#.#..####(.../.#
#......@@o.....##
###..####.(...... # #.####.##
#.# # . #.# . # #.# #.# #
####.
#.#########..##.####.####.....
.....................>..... #
.......##..#.#.#######..#


You could see Harold and an orc.

Vanquished Creatures
  A sky beast (D:5)
  An ice beast (D:5)
  A phantom (D:6)
  A big kobold (D:7)
  5 bullfrogs
  4 scorpions
  3 howler monkeys
  A crimson imp (D:6)
  2 hounds
  2 orc priests
  An iguana (D:2)
  6 worker ants
  A howler monkey zombie (D:5)
  6 adders
  2 gnolls (D:5)
  An ooze (D:3)
  2 adder zombies
  An adder skeleton (D:5)
  5 worms
  3 dart slugs
  2 leopard geckos
  34 orcs
  2 giant cockroaches
  20 hobgoblins
  10 jackals
  16 kobolds
  3 quokkas
  A ball python (D:3)
  5 bats
  A frilled lizard (D:1)
  11 goblins
  10 rats
164 creatures vanquished.

Notes
Turn   | Place    | Note
-------+----------+-------------------------------------------
     0 | D:1      | dvd the Minotaur Hunter began the quest for the Orb.
     0 | D:1      | Reached XP level 1. HP: 18/18 MP: 0/0
   229 | D:1      | Reached XP level 2. HP: 25/25 MP: 1/1
   491 | D:2      | Found an iron altar of Okawaru.
   504 | D:2      | Became a worshipper of Warmaster Okawaru
   542 | D:2      | Reached XP level 3. HP: 30/30 MP: 2/2
   556 | D:2      | Reached skill level 1 in Stealth
   596 | D:2      | Reached skill level 5 in Throwing
   622 | D:2      | Reached skill level 1 in Armour
   668 | D:2      | Reached XP level 4. HP: 12/37 MP: 3/3
  1769 | D:3      | Reached skill level 1 in Axes
  1829 | D:3      | Found a glowing silver altar of Zin.
  1832 | D:3      | Found a bloodstained altar of Trog.
  1944 | D:3      | Reached XP level 5. HP: 35/42 MP: 4/4
  2295 | D:3      | HP: 1/42 [orc priest/+0 trident (6)]
  2970 | D:4      | Reached skill level 2 in Axes
  3012 | D:4      | Found a staircase to the Ecumenical Temple.
  3219 | D:4      | Reached XP level 6. HP: 43/51 MP: 5/5
  3220 | D:4      | You fall through a shaft for 2 floors!
  3273 | D:5      | Entered Level 5 of the Dungeon
  3297 | D:5      | Noticed an ice beast
  3301 | D:5      | Reached * piety under Okawaru
  3305 | D:5      | Reached skill level 3 in Axes
  3309 | D:5      | Killed an ice beast
  3489 | D:4      | Found a runed translucent door.
  3494 | D:4      | Noticed bgiannan's ghost (amateur DEFE)
  3960 | D:5      | Reached skill level 4 in Axes
  3966 | D:5      | Reached XP level 7. HP: 54/57 MP: 6/6
  3996 | D:5      | Reached skill level 5 in Axes
  4865 | D:6      | Reached ** piety under Okawaru
  4865 | D:6      | Reached skill level 6 in Axes
  4915 | D:6      | Reached XP level 8. HP: 66/67 MP: 7/7
  4937 | D:6      | Found Fajau's Gadget Emporium.
  5022 | D:6      | Reached skill level 7 in Axes
  5179 | D:6      | Reached skill level 8 in Axes
  5455 | D:7      | Found an ancient bone altar of Kikubaaqudgha.
  5472 | D:7      | Found a large runed translucent door.
  5488 | D:7      | Noticed Harold
  5519 | D:7      | HP: 2/67 [bullfrog (6)]
  5532 | D:7      | Reached skill level 5 in Fighting
  5535 | D:7      | Slain by Harold

Skill      XL: |  1  2  3  4  5  6  7  8 |
---------------+-------------------------+-----
Stealth        | 1 2 |  2.6
Throwing       | 5 6 |  6.0
Armour         | 1 2 3 4 |  4.9
Axes           | 1 2 4 6 8 |  8.3
Fighting       | 3 4 5 |  5.0
Dodging        | 3 |  3.4
Invocations    | |  0.4

Action                   |  1- 3 |  4- 6 |  7- 9 || total
-------------------------+-------+-------+-------++-------
Melee: Short sword       |     3 |       |       ||     3
       Headbutt          |     6 |    26 |    27 ||    59
       Hand axe          |    25 |   105 |       ||   130
       War axe           |       |    20 |   172 ||   192
       Punch             |       |       |     1 ||     1
Throw: Javelin           |    39 |    18 |    14 ||    71
       Throwing net      |     1 |     6 |     1 ||     8
Invok: Heroism           |       |     1 |     6 ||     7
  Use: Scroll            |       |     2 |       ||     2
       Potion            |       |       |     4 ||     4
 Stab: Held in net/web   |       |     1 |       ||     1
       Sleeping          |       |     1 |       ||     1
  Eat: Chunk             |       |    10 |     5 ||    15
Armor: Leather armour    |     5 |       |       ||     5
       Ring mail         |       |    28 |    81 ||   109
Dodge: Dodged            |    36 |    78 |   153 ||   267
